 Dungeon Crawl Stone Soup version 0.30-a0-756-gc2185399d4 (webtiles) character file.

Game seed: 16149904831192442759

1512 Leeroy the Magician (level 8, -3/42 HPs)
             Began as a Vine Stalker Warper on Feb 9, 2023.
             Was a Follower of Uskayaw.
             Slain by a gnoll
             ... wielding a +0 halberd
              (11 damage)
             ... on level 6 of the Dungeon.
             The game lasted 00:04:58 (4737 turns).

Leeroy the Magician (Vine Stalker Warper)           Turns: 4737, Time: 00:04:58

Health: -3/42      AC:  3    Str: 14    XL:     8   Next: 83%
Magic:  0/20       EV: 16    Int: 16    God:    Uskayaw [*.....]
Gold:   308        SH:  0    Dex: 16    Spells: 12/21 levels left

rFire   + . .      SeeInvis .    o - +8 hand axe of Vengeance {venom, *Corrode rN+++ Int+3 Stlth+}
rCold   . . .      Faith    .    (no shield)
rNeg    + + +      Spirit   +    E - +2 leather armour {rF+}
rPois   .          Reflect  .    (no helmet)
rElec   .          Harm     .    (no cloak)
rCorr   .          Rampage  .    u - +0 pair of gloves
Will    +....                    h - +0 pair of boots
Stlth   ++                       (no amulet)
HPRegen 1.07/turn                g - +5 ring of evasion
MPRegen 0.17/turn                (no ring)

@: corroded
A: fangs 3, regeneration 1, magic shield, antimagic bite, no potion heal 2
a: Renounce Religion, Stomp


You were on level 6 of the Dungeon.
You worshipped Uskayaw.
Uskayaw was noncommittal.
You visited 2 branches of the dungeon, and saw 7 of its levels.

You collected 308 gold pieces.

Inventory:

Hand Weapons
 a - a +0 falchion
 m - a +0 short sword of speed
 n - a +2 dagger of venom
 o - the +8 hand axe of Vengeance (weapon) {venom, *Corrode rN+++ Int+3 Stlth+}
   (You found it on level 3 of the Dungeon)

   Int:       It affects your intelligence (+3).
   rN:        It renders you almost immune to negative energy.
   *Corrode:  It may corrode you when you take damage.
   Stlth:     It makes you more stealthy.
 q - a +0 flail
 x - a +2 whip of venom
Missiles
 e - 5 poisoned darts (quivered)
 p - 5 atropa-tipped darts
 F - 3 boomerangs
Armour
 b - a +0 leather armour
 h - a +0 pair of boots (worn)
 l - a +0 chain mail
 r - a +0 ring mail of willpower
 u - a +0 pair of gloves (worn)
 E - a +2 leather armour of fire resistance (worn)
Jewellery
 g - a +5 ring of evasion (left hand)
 s - an amulet of regeneration
 t - a ring of ice
 z - a ring of resist corrosion
Scrolls
 c - 2 scrolls of blinking
 f - 2 scrolls of fear {unknown}
 j - 7 scrolls of identify {unknown}
 y - a scroll of amnesia {unknown}
 G - a scroll of teleportation {unknown}
Potions
 i - 6 potions of curing {unknown}
 k - 2 potions of lignification {unknown}
 v - a potion of brilliance
 w - 2 potions of degeneration {unknown}
 A - a potion of attraction {unknown}
 B - a potion of resistance {unknown}
 C - 2 potions of cancellation {unknown}
 D - a potion of invisibility {unknown}


   Skills:
 - Level 4.0 Fighting
 - Level 6.6 Long Blades
 - Level 0.8 Throwing
 - Level 0.7 Armour
 - Level 1.5 Dodging
 * Level 7.3 Spellcasting
 - Level 3.0 Translocations


You had 12 spell levels left.
You knew the following spells:

 Your Spells              Type           Power      Damage    Failure   Level
a - Blink                 Tloc           30%        N/A       7%          2
b - Vhi's Electric Charg  Tloc/Air       20%        N/A       24%         3
c - Manifold Assault      Tloc           15%        N/A       41%         4

Your spell library contained the following spells:

 Spells                   Type           Power      Damage    Failure   Level
 Lesser Beckoning         Tloc           30%        N/A       7%          2
 Teleport Other           Tloc           15%        N/A       13%         3
 Sublimation of Blood     Necr           5%         N/A       22%         2
 Anguish                  Hex/Necr       2%         N/A       83%         4
 Petrify                  Tmut/Erth      5%         N/A       83%         4
 Irradiate                Conj/Tmut      2%         3d12      99%         5
 Enfeeble                 Hex            2%         N/A       100%        7


Dungeon Overview and Level Annotations

Branches:
Dungeon (6/15)             Temple (1/1) D:4

Altars:
Ashenzari
Cheibriados
Dithmenos
Fedhas
Gozag
Hepliaklqana
Nemelex Xobeh
Ru
Uskayaw
Vehumet
Xom
Zin
The Shining One


Innate Abilities, Weirdness & Mutations

You have razor-sharp teeth.
Your natural rate of healing is unusually fast.
When hurt, damage is shared between your health and your magic reserves.
Your bite disrupts and absorbs the magic of your enemies.
Potions cannot restore your health.


Message History

Throw: 4 boomerangs (disperse)
Press: ? - help, Q - select action, (/) - cycle Shift-Dir - straight line, f - gnoll, p - gnoll
Aim: a gnoll, wielding a +0 spear (lightly wounded, 65% to hit)
You throw a boomerang of dispersal.
The boomerang of dispersal hits the gnoll.
The gnoll blinks!
The gnoll is moderately wounded.
Throw: 3 boomerangs (disperse)
Press: ? - help, Q - select action, (/) - cycle Shift-Dir - straight line, f/p - gnoll
Aim: a gnoll, wielding a +0 spear (moderately wounded, 65% to hit)
You throw a boomerang of dispersal.
The boomerang of dispersal completely misses the gnoll.
The gnoll misses you.
Throw: 2 boomerangs (disperse)
Press: ? - help, Q - select action, (/) - cycle Shift-Dir - straight line, f - gnoll, p - gnoll
Aim: a gnoll, wielding a +0 halberd (severely wounded, 65% to hit)
You throw a boomerang of dispersal.
The boomerang of dispersal completely misses the gnoll.
The gnoll misses you. The gnoll hits you but does no damage.
The gnoll closely misses you.
Throw: boomerang (disperse)
Press: ? - help, Q - select action, (/) - cycle Shift-Dir - straight line, f/p - gnoll
Aim: a gnoll, wielding a +0 halberd (severely wounded, 65% to hit)
You throw a boomerang of dispersal.
The boomerang of dispersal barely misses the gnoll.
The gnoll hits you from afar with a +0 spear!
* * * LOW HITPOINT WARNING * * *
The gnoll completely misses you.
Casting: Blink (safe; 7% risk of failure)
Confirm with . or Enter, or press ? or * to list all spells.
You blink.
The gnoll hits you from afar with a +0 spear.
* * * LOW HITPOINT WARNING * * *
Okay, then.
You can no longer pass through a line of other dancers.
You feel stable enough to blink again.
The gnoll hits you from afar with a +0 spear!
* * * LOW HITPOINT WARNING * * *
The gnoll hits you from afar with a +0 halberd!
You die...

#####################
#...@................
#.....$..............
#.gg.....)...........
#......).##....##....
#........##....##....
#........#...........
#....>...#...........
#........#.(.........
#........#........)..


You could see 2 gnolls.

Vanquished Creatures
  Grinder (D:3)
  Sigmund (D:5)
  Menkaure (D:4)
  An ice beast (D:6)
  2 black bears (D:5)
  2 phantoms
  2 necrophages
  A water moccasin zombie (D:3)
  A hound (D:4)
  An orc priest (D:5)
  2 iguanas
  Natasha (thrice) (D:3)
  2 orc wizards
  2 gnolls (D:6)
  5 adders
  3 ufetubi
  5 adder skeletons (D:3)
  4 worms
  A dart slug (D:3)
  17 orcs
  5 bats
  8 endoplasms
  3 goblins
  6 hobgoblins
  2 quokkas
  3 ball pythons
  2 frilled lizards
  A jackal zombie (D:3)
  6 kobolds
  2 rats
95 creatures vanquished.

Vanquished Creatures (others)
  2 withered plants (D:3)
2 creatures vanquished.

Grand Total: 97 creatures vanquished

Notes
Turn   | Place    | Note
-------+----------+-------------------------------------------
     0 | D:1      | Leeroy the Vine Stalker Warper began the quest for the Orb.
     0 | D:1      | Reached XP level 1. HP: 11/11 MP: 4/4
    69 | D:1      | Found a faded altar of an unknown god.
   225 | D:1      | Reached XP level 2. HP: 15/15 MP: 6/6
   499 | D:2      | Learned a level 2 spell: Blink
   715 | D:2      | Reached XP level 3. HP: 4/18 MP: 4/7
  2038 | D:3      | Gained mutation: Your natural rate of healing is unusually
                  | fast. [Vine Stalker growth]
  2038 | D:3      | Reached XP level 4. HP: 9/23 MP: 5/8
  2141 | D:3      | Identified the +8 hand axe of Vengeance {venom, *Corrode
                  | rN+++ Int+3 Stlth+}
  2166 | D:3      | Noticed Grinder
  2200 | D:3      | Killed Grinder
  2201 | D:3      | Reached skill level 5 in Long Blades
  2201 | D:3      | Reached XP level 5. HP: 26/26 MP: 9/9
  2201 | D:3      | Reached XP level 6. HP: 30/30 MP: 10/10
  2239 | D:3      | Noticed Natasha
  2257 | D:3      | Killed Natasha
  2287 | D:3      | Noticed Natasha
  2302 | D:3      | Killed Natasha
  2379 | D:3      | Noticed Natasha
  2386 | D:3      | Killed Natasha
  2647 | D:3      | Reached XP level 7. HP: 34/34 MP: 11/11
  2931 | D:4      | Found a shadowy altar of Dithmenos.
  3019 | D:4      | Found a staircase to the Ecumenical Temple.
  3030 | D:4      | Noticed Menkaure
  3037 | D:4      | Killed Menkaure
  3044 | Temple   | Entered the Ecumenical Temple
  3161 | Temple   | Became a worshipper of Uskayaw the Reveller
  3281 | D:4      | Found a broken altar of Ashenzari.
  3303 | D:4      | Reached * piety under Uskayaw
  3330 | D:4      | Found a blossoming altar of Fedhas.
  3343 | D:4      | Reached ** piety under Uskayaw
  3430 | D:4      | Found a sparkling altar of Nemelex Xobeh.
  3604 | D:4      | Found a glowing silver altar of Zin.
  3604 | D:4      | Noticed an angel
  3823 | D:5      | Entered Level 5 of the Dungeon
  3916 | D:5      | Reached skill level 3 in Spellcasting
  3926 | D:5      | Learned a level 3 spell: Vhi's Electric Charge
  3931 | D:5      | Learned a level 4 spell: Manifold Assault
  3957 | D:5      | Reached skill level 4 in Spellcasting
  3957 | D:5      | Gained mutation: You have razor-sharp teeth. [Vine Stalker
                  | growth]
  3957 | D:5      | Reached XP level 8. HP: 42/42 MP: 13/15
  4241 | D:5      | Reached skill level 5 in Spellcasting
  4369 | D:5      | Found an opulent altar of Gozag.
  4449 | D:5      | Noticed Sigmund
  4456 | D:5      | Killed Sigmund
  4457 | D:5      | Reached skill level 6 in Spellcasting
  4554 | D:5      | Found a glowing golden altar of the Shining One.
  4662 | D:6      | Reached *** piety under Uskayaw
  4664 | D:6      | Reached **** piety under Uskayaw
  4667 | D:6      | Reached ***** piety under Uskayaw
  4668 | D:6      | Reached skill level 7 in Spellcasting
  4737 | D:6      | Slain by a gnoll

Illustrated notes

Levels and vault maps discovered:
D:1:      dpeg_arrival_round_a, layout_basic, ebering_ecumenical_altar_ruins
D:2:      layout_basic, kennysheep_generic_room_12
D:3:      layout_loops_cross, serial_undead, serial_undead_e, serial_undead_d,
          serial_undead_e, serial_undead_b, serial_undead_a, serial_undead_d,
          serial_undead_b, serial_undead_e, uniq_grinder, uniq_natasha
D:4:      layout_basic, zin_angel, mainiacjoe_overflow_surrounded_room,
          grunt_dithmenos_smoke_and_mirrors, nemelex_diamond_rough_becter,
          kennysheep_mini_moat, temple_green, uniq_menkaure
D:5:      layout_basic, grunt_gozag_statues, marbit_many_paths, uniq_sigmund
D:6:      layout_gridville, ebering_ghost_sewer_f, chequers_serial_rivers_room_a
Temple:   nicolae_temple_two_arcs

Skill      XL: |  1  2  3  4  5  6  7  8 |
---------------+-------------------------+-----
Long Blades    | 2 3 4 5 6 |  6.6
Fighting       | 4 |  4.0
Spellcasting   | 4 7 |  7.3
Throwing       | |  0.8
Armour         | |  0.7
Dodging        | |  1.5
Translocations | |  3.0

Action                     |  1- 3 |  4- 6 |  7- 9 || total
---------------------------+-------+-------+-------++-------
  Melee: Falchion          |    67 |       |       ||    67
         Bite              |    14 |    38 |    32 ||    84
         Short sword       |    21 |   100 |       ||   121
         Punch             |     2 |     4 |     2 ||     8
         Hand axe          |       |    32 |   111 ||   143
  Throw: Boomerang         |       |       |     7 ||     7
   Cast: Blink             |       |       |     2 ||     2
   Stab: Sleeping          |       |     1 |     6 ||     7
         Distracted        |       |       |     1 ||     1
         Paralysed         |       |       |     2 ||     2
 Armour: Leather armour    |    14 |       |    20 ||    34
         Chain mail        |    10 |    17 |       ||    27
         Ring mail         |       |     7 |     8 ||    15
  Dodge: Dodged            |    57 |    55 |    99 ||   211

Table legend: (Time is in decaauts)
 A = Elapsed time spent in this place.
 B = Non-inter-level travel time spent in this place.
 C = Inter-level travel time spent in this place.
 D = Time resting spent in this place.
 E = Time spent auto-exploring this place.
 F = Levels seen in this place.
 G = Mean time per level.
                   A        B        C        D        E       F      G
               +--------+--------+--------+--------+--------+-----+--------+
         Total |   4735 |   4415 |    320 |      4 |   3622 |   7 |  676.4 |
       Dungeon |   4605 |   4294 |    311 |      4 |   3514 |   6 |  767.5 |
        Temple |    130 |    121 |      9 |      0 |    108 |   1 |  130.0 |
               +--------+--------+--------+--------+--------+-----+--------+

Top non-repeatable levels by time:
     D:2: 1577 daAuts
     D:5: 849 daAuts
     D:4: 834 daAuts
     D:3: 803 daAuts
     D:1: 451 daAuts
  Temple: 130 daAuts
     D:6: 89 daAuts
